 Dungeon Crawl Stone Soup version 0.28.0-45-g0d030f2227 (webtiles) character file.

Game seed: 4094103656521191006

217 Icepheonix32 the Covered (level 5, -1/42 HPs)
             Began as a Demonspawn Fighter on Apr 13, 2022.
             Slain by a gnoll
             ... wielding a +0 flail
              (7 damage)
             ... on level 4 of the Dungeon.
             The game lasted 00:03:38 (3225 turns).

Icepheonix32 the Covered (Demonspawn Fighter)       Turns: 3225, Time: 00:03:39

Health: -1/42      AC:  7    Str: 18    XL:     5   Next: 61%
Magic:  5/5        EV:  9    Int: 10    God:
Gold:   113        SH: 13    Dex: 12    Spells: 4/4 levels left

rFire   . . .      SeeInvis .   e - +0 mace (venom)
rCold   . . .      Faith    .   c - +0 buckler
rNeg    . . .      Spirit   .   b - +0 scale mail
rPois   .          Reflect  +   (helmet restricted)
rElec   .          Harm     .   (no cloak)
rCorr   .          Rampage  .   (no gloves)
Will    .....                   (no boots)
Stlth   ..........              k - amulet of reflection
HPRegen 0.14/turn               (no ring)
MPRegen 0.09/turn               (no ring)

@: mighty
A: horns 1, powered by pain 1, condensation shield
a: no special abilities


You were on level 4 of the Dungeon.
You visited 1 branch of the dungeon, and saw 4 of its levels.

You collected 113 gold pieces.

Inventory:

Hand Weapons
 a - a +0 long sword
 e - a +0 mace of venom (weapon)
Missiles
 i - 4 boomerangs (quivered)
Armour
 b - a +0 scale mail (worn)
 c - a +0 buckler (worn)
 q - a +0 chain mail
Jewellery
 k - an amulet of reflection (around neck)
Wands
 p - a wand of paralysis (9)
Scrolls
 f - a scroll of fear {unknown}
 g - a scroll of fog {unknown}
 h - a scroll of immolation {unknown}
 j - a scroll of blinking {unknown}
 l - a scroll of summoning {unknown}
 m - 2 scrolls of teleportation {unknown}
 n - a scroll of silence {unknown}
 o - a scroll of vulnerability {unknown}


   Skills:
 + Level 3.6 Fighting
 - Level 2.4 Long Blades
 + Level 1.8 Maces & Flails
 + Level 1.0 Throwing
 + Level 3.7 Armour
 + Level 1.2 Dodging
 + Level 0.3 Stealth
 * Level 3.2 Shields


You had 4 spell levels left.
You didn't know any spells.
Your spell library was empty.

Dungeon Overview and Level Annotations

Branches:
Dungeon (4/15)
 Temple: D:4-7

Altars:


Innate Abilities, Weirdness & Mutations

You have a pair of small horns on your head.
You sometimes gain a little power by taking damage.
A meltable shield of frost defends you. (SH +4)


Message History

The gnoll closely misses you. The gnoll hits you with a +0 whip.
You hit the gnoll shaman but do no damage.
The gnoll shaman looks as sick as possible!
The gnoll shaman is lightly wounded.
You block the gnoll's attack. The gnoll shaman barely misses you.
The gnoll hits you from afar with a +0 spear.
You block the gnoll's attack. x2
You closely miss the gnoll shaman.
The gnoll shaman is moderately wounded.
The gnoll misses you.
The gnoll shaman prays to its god.
The gnoll shaman is healed somewhat.
You block the gnoll's attack. x3
The gnoll shaman closely misses you.
You closely miss the gnoll shaman. Your headbutt misses the gnoll shaman.
The gnoll shaman is heavily wounded.
You block the gnoll's attack. The gnoll hits you with a +0 whip.
The gnoll hits you from afar with a +0 spear.
The gnoll hits you with a +0 flail.
* * * LOW HITPOINT WARNING * * *
You block the gnoll shaman's attack.
The gnoll hits you from afar with a +0 spear.
* * * LOW HITPOINT WARNING * * *
The gnoll hits you but does no damage.
You are too injured to fight recklessly!
You feel very mighty all of a sudden. You block the gnoll's attack.
The gnoll shaman mumbles some strange prayers to its god against you.
You resist with some effort. The gnoll closely misses you.
You block the gnoll's attack. The gnoll hits you with a +0 flail.
* * * LOW HITPOINT WARNING * * *
Unknown command.
You sock the gnoll shaman!
You kill the gnoll shaman!
You block the gnoll's attack. x2; The gnoll closely misses you.
Your Throwing skill increases to level 1!
Unknown command.
You sock the gnoll!
The gnoll is poisoned.
The gnoll is heavily wounded.
The gnoll hits you but does no damage. The gnoll hits you with a +0 flail!
You die...

##...#####..
##...## ###
####..###
#.....# #
##....##
#.##.....#
#.#....###
###....#.#
..#..)@..###
.$...ggg..#
..........#
.......#...#
......###.#..
...... ######
...... ......
...


You could see 3 gnolls.

Vanquished Creatures
  A howler monkey (D:3)
  A gnoll shaman (D:4)
  A hound (D:4)
  An orc wizard (D:3)
  3 adders (D:2)
  A worm (D:2)
  5 orcs (D:3)
  5 endoplasms
  2 giant cockroaches (D:1)
  9 goblins
  2 hobgoblins (D:2)
  2 jackals (D:3)
  4 quokkas
  5 ball pythons
  3 bats
  4 frilled lizards
  8 kobolds
  7 rats
64 creatures vanquished.

Notes
Turn   | Place    | Note
-------+----------+-------------------------------------------
     0 | D:1      | Icepheonix32 the Demonspawn Fighter began the quest for the
                  | Orb.
     0 | D:1      | Reached XP level 1. HP: 18/18 MP: 1/1
   219 | D:1      | Gained mutation: You sometimes gain a little power by
                  | taking damage. [demonic ancestry]
   219 | D:1      | Reached XP level 2. HP: 22/24 MP: 2/2
  1039 | D:2      | Reached XP level 3. HP: 13/29 MP: 3/3
  2014 | D:2      | Gained mutation: You have a pair of small horns on your
                  | head. [demonic ancestry]
  2014 | D:2      | Reached XP level 4. HP: 25/35 MP: 4/4
  2604 | D:3      | Reached skill level 1 in Maces & Flails
  2855 | D:3      | Reached skill level 1 in Dodging
  2855 | D:3      | Gained mutation: A meltable shield of frost defends you.
                  | (SH +4) [demonic ancestry]
  2855 | D:3      | Reached XP level 5. HP: 41/41 MP: 5/5
  3225 | D:4      | Reached skill level 1 in Throwing
  3225 | D:4      | Slain by a gnoll

Illustrated notes

Levels and vault maps discovered:
D:1:      zaba_arrival_water, layout_basic
D:2:      layout_loops_corners
D:3:      layout_basic
D:4:      layout_layer_cave, makhleb_blood_cavern_becter, serial_shops, shop

Skill      XL: |  1  2  3  4  5 |
---------------+----------------+-----
Long Blades    | 2 |  2.4
Armour         | 3 |  3.7
Maces & Flails | 1 |  1.8
Dodging        | 1 |  1.2
Shields        | 3 |  3.2
Throwing       | 1 |  1.0
Fighting       | |  3.6
Stealth        | |  0.3

Action                   |  1- 3 |  4- 6 || total
-------------------------+-------+-------++-------
Melee: Long sword        |   100 |       ||   100
       Mace              |    42 |    57 ||    99
       Headbutt          |       |    12 ||    12
Throw: Boomerang         |     6 |     4 ||    10
  Use: Potion            |     1 |     1 ||     2
Armor: Scale mail        |    80 |    17 ||    97
Dodge: Dodged            |    71 |    26 ||    97
Block: Buckler           |    43 |    32 ||    75
       Reflection        |       |     1 ||     1
